 Dungeon Crawl Stone Soup version 0.28.0 (webtiles) character file.

Game seed: 14035045992708169435

1257 mkm the Skirmisher (level 8, -7/73 HPs)
             Began as a Minotaur Berserker on Feb 10, 2022.
             Was an Elder of Trog.
             Mangled by an orc warrior (11 damage)
             ... on level 6 of the Dungeon.
             The game lasted 00:21:54 (5592 turns).

mkm the Skirmisher (Minotaur Berserker)             Turns: 5592, Time: 00:21:55

Health: -7/73      AC: 13    Str: 22    XL:     8   Next: 26%
Magic:  7/7        EV:  8    Int:  4    God:    Trog [****..]
Gold:   156        SH:  0    Dex: 12    Spells: 7/7 levels left

rFire   . . .      SeeInvis .   l - +0 hand axe
rCold   . . .      Faith    .   (no shield)
rNeg    . . .      Spirit   .   y - +0 plate armour
rPois   .          Reflect  .   (helmet restricted)
rElec   .          Harm     .   i - scarf {repulsion}
rCorr   .          Rampage  .   (no gloves)
Will    ++...                   (no boots)
Stlth   ..........              (no amulet)
HPRegen 1.22/turn               (no ring)
MPRegen 0.10/turn               (no ring)

@: strong-willed, on berserk cooldown, regenerating, slowed, repel missiles,
very slow
A: horns 2, retaliatory headbutt
a: Renounce Religion, Berserk, Trog's Hand, Brothers in Arms


You were on level 6 of the Dungeon.
You worshipped Trog.
Trog was greatly pleased with you.
You visited 1 branch of the dungeon, and saw 6 of its levels.

You collected 156 gold pieces.

Inventory:

Hand Weapons
 l - a +0 hand axe (weapon)
 m - a +1 morningstar of protection
Armour
 i - a scarf of repulsion (worn)
 y - a +0 plate armour (worn)
Jewellery
 b - a ring of flight
Wands
 n - a wand of iceblast (11)
 o - a wand of digging (6)
Scrolls
 c - 3 scrolls of teleportation
 f - a scroll of magic mapping {unknown}
 k - a scroll of identify {unknown}
 p - a scroll of enchant weapon {unknown}
 q - a scroll of silence {unknown}
 s - a scroll of fog {unknown}
 v - a scroll of torment {unknown}
 z - a scroll of blinking {unknown}
Potions
 a - 2 potions of resistance {unknown}
 d - a potion of curing
 e - a potion of degeneration {unknown}
 g - a potion of brilliance {unknown}
 h - a potion of attraction {unknown}
 j - 2 potions of lignification {unknown}
 r - 2 potions of cancellation {unknown}
 t - a potion of might {unknown}
 u - a potion of haste {unknown}
 w - a potion of mutation {unknown}
 x - a potion of berserk rage {unknown}


   Skills:
 + Level 7.1 Fighting
 + Level 6.5(7.0) Axes
 - Level 3.6(5.5) Maces & Flails
 + Level 6.7 Armour
 + Level 4.6 Dodging


You had 7 spell levels left.
You didn't know any spells.
Your spell library was empty.

Dungeon Overview and Level Annotations

Branches:
Dungeon (6/15)             Temple (0/1) D:5

Altars:
Elyvilon
Fedhas
Xom
Yredelemnul
The Shining One

Shops:
D:1 [


Innate Abilities, Weirdness & Mutations

You have a pair of horns on your head.
You reflexively headbutt those who attack you in melee.


Message History

The ice beast is heavily wounded.
The orc warrior hits you but does no damage.
The ice beast hits you but does no damage.
You hit the ice beast.
The ice beast is severely wounded.
You slash the ice beast!
You kill the ice beast!
Trog accepts your kill.
The orc warrior hits you but does no damage.
Your Fighting skill increases to level 7!
You are too berserk!
The orc warrior hits you from afar with a +0 trident.
* * * LOW HITPOINT WARNING * * *
You slice the scorpion!!
You kill the scorpion!
Trog accepts your kill.
The orc warrior hits you but does no damage.
You feel a strong urge to attack something.
The orc warrior barely misses you.
You see here a scorpion corpse.
You closely miss the orc warrior. You barely miss the orc warrior.
You headbutt the orc warrior!
The orc warrior is heavily wounded.
You are no longer berserk.
You are exhausted.
You feel yourself slow down.
The orc warrior hits you but does no damage.
Okay, then.
Press: ? - help, v - describe, . - travel
Here: an orc warrior, wielding a +0 trident and wearing a +0 plate armour (heavily wounded)
The floor.
You feel better.
The orc warrior hits you with a +0 trident!
* * * LOW HITPOINT WARNING * * *
The orc warrior hits you but does no damage.
Okay, then.
Your skin crawls.
You feel strong-willed.
The orc warrior hits you with a +0 trident!
You die...

######## #......#
#.####.#### ..#
#.#..#.#..# #.#
####.#...#...# #.#
#....####.#### #.##
#.#### #.#†# #..#
#....# ##@## #..##
#..#.# #.o.# #...#
#..#.#....... #...#
#..#.#.......# ##..#
#..#.#.......#
###..###..#.#.......#
.###......#.#.......#
......###.#.#.......#
..........#


You could see an orc warrior.

Vanquished Creatures
  2 ice beasts (D:6)
  A centaur (D:4)
  A bullfrog (D:6)
  A scorpion (D:6)
  A wyvern skeleton (D:6)
  3 hounds
  2 jellies
  2 orc priests
  3 bullfrog skeletons
  A centaur skeleton (D:4)
  Ijyb (D:3)
  Terence (D:2)
  4 iguanas
  4 orc wizards
  A hound skeleton (D:4)
  Robin (D:2)
  A howler monkey skeleton (D:4)
  5 adders
  A shadow imp (D:5)
  2 worms
  A dart slug (D:1)
  28 orcs
  6 bats
  5 endoplasms
  2 giant cockroaches (D:1)
  16 goblins
  7 hobgoblins
  9 jackals
  5 kobolds
  5 quokkas
  9 ball pythons
  4 frilled lizards
  A goblin skeleton (D:5)
  4 goblin zombies (D:5)
  3 hobgoblin zombies (D:5)
  A kobold skeleton (D:5)
  3 orc skeletons (D:5)
  2 orc zombies (D:5)
  4 rats
153 creatures vanquished.

Vanquished Creatures (others)
  A goblin (D:2)
1 creature vanquished.

Grand Total: 154 creatures vanquished

Notes
Turn   | Place    | Note
-------+----------+-------------------------------------------
     0 | D:1      | mkm the Minotaur Berserker began the quest for the Orb.
     0 | D:1      | Reached XP level 1. HP: 19/19 MP: 0/0
   173 | D:1      | Reached skill level 4 in Fighting
   213 | D:1      | Reached XP level 2. HP: 27/27 MP: 1/1
   632 | D:1      | Found Goypyx's Antique Armour Boutique.
   936 | D:2      | Reached ** piety under Trog
   937 | D:2      | Reached XP level 3. HP: 34/34 MP: 2/2
   966 | D:2      | Noticed Robin
   972 | D:2      | Noticed Terence
   986 | D:2      | Killed Robin
   996 | D:2      | Killed Terence
   997 | D:2      | Reached skill level 5 in Fighting
   997 | D:2      | Reached XP level 4. HP: 9/42 MP: 3/3
  1304 | D:2      | Found a faded altar of an unknown god.
  1825 | D:3      | Found a shimmering altar of Xom.
  2003 | D:3      | Reached XP level 5. HP: 49/49 MP: 4/4
  2137 | D:3      | Noticed Ijyb
  2178 | D:3      | Killed Ijyb
  2492 | D:3      | Found a basalt altar of Yredelemnul.
  2612 | D:3      | Reached *** piety under Trog
  2964 | D:4      | Reached skill level 6 in Fighting
  2964 | D:4      | Reached skill level 1 in Axes
  3240 | D:4      | Reached XP level 6. HP: 57/57 MP: 5/5
  3815 | D:4      | Found a white marble altar of Elyvilon.
  4015 | D:4      | Found a blossoming altar of Fedhas.
  4143 | D:5      | Entered Level 5 of the Dungeon
  4152 | D:4      | Reached skill level 5 in Armour
  4152 | D:4      | Reached XP level 7. HP: 48/63 MP: 6/6
  5067 | D:5      | Found a staircase to the Ecumenical Temple.
  5145 | D:5      | Found a glowing golden altar of the Shining One.
  5163 | D:5      | Reached **** piety under Trog
  5402 | D:6      | Reached skill level 5 in Axes
  5572 | D:6      | Reached XP level 8. HP: 68/71 MP: 7/7
  5585 | D:6      | Reached skill level 7 in Fighting
  5591 | D:6      | HP: 2/73 [orc warrior (11)]
  5592 | D:6      | Mangled by an orc warrior

Illustrated notes

Levels and vault maps discovered:
D:1:      wander_arrival_estate, layout_loops_ring, serial_shops,
          nicolae_shop_hallway_plus
D:2:      wander_river, layout_rooms, ebering_ecumenical_altar_sacrificial,
          st_stairs_2, uniq_terence, uniq_robin
D:3:      layout_basic, mainiacjoe_overflow_surrounded_room,
          overflow_temple_1_default, uniq_ijyb
D:4:      layout_loops_ring, fedhas_altar_fruit_tree,
          mainiacjoe_overflow_alcove_4, minmay_misc_feat_encased
D:5:      layout_rooms, nicolae_tso_besieged_by_evil,
          minmay_temple_entry_junction
D:6:      layout_basic, serial_rivers, chequers_serial_rivers_small_a,
          chequers_serial_rivers_small_b, chequers_serial_rivers_micro_c,
          chequers_serial_rivers_micro_a, serial_shops,
          nicolae_shop_behind_doors, wad_rectangle_vault

Skill      XL: |  1  2  3  4  5  6  7  8 |
---------------+-------------------------+-----
Fighting       | 4 5 6 7 |  7.1
Armour         | 3 4 5 6 |  6.7
Dodging        | 3 4 |  4.6
Axes           | 1 3 5 6 |  6.5
Maces & Flails | |  3.6

Action                   |  1- 3 |  4- 6 |  7- 9 || total
-------------------------+-------+-------+-------++-------
Melee: Mace              |    72 |    55 |       ||   127
       Headbutt          |     6 |    30 |    35 ||    71
       Hand axe          |       |   135 |   144 ||   279
       Punch             |       |       |     2 ||     2
Invok: Trog's Hand       |     3 |     2 |     2 ||     7
       Berserk           |     1 |     2 |     1 ||     4
  Use: Potion            |     1 |       |     1 ||     2
       Scroll            |       |     2 |     1 ||     3
Armor: Animal skin       |     3 |       |       ||     3
       Leather armour    |    30 |    19 |       ||    49
       Chain mail        |       |    52 |       ||    52
       Scale mail        |       |    19 |    16 ||    35
       Plate armour      |       |       |    53 ||    53
Dodge: Dodged            |    54 |   103 |    75 ||   232
       Repelled          |       |     1 |       ||     1
